cohdb
Replays
Latest Replays
All Replays
Popular Replays
Top Player Replays
Match Explorer
How It Works
Community
CoH3 Stats
Reddit
Sign in to upload your games and track your stats! →
Sign in with Steam
Match 43774413
Unlisted
Match 43774413
Overview
Messages
Build Orders
End
Kettenkrad Recon Vehicle
Construct Infanterie Kompanie
Selects Terror Battlegroup
Selects Machine Gun Camouflage
MG 42 Machine Gun Team
MG 42 Machine Gun Team
Grenadier Squad
Grenadier Squad
Construct Panzergrenadier Kompanie
GrW 34 Mortar Team
Pak 40 Anti-tank Gun Team
Support Elements
MG 42 Bunker
StuG III G Assault Gun
Nebelwerfer 42 Rocket Launcher Team
Panzergrenadier Officer Quarters
Side Skirts
Pioneer Squad
Grenadier Squad
Medical Station
MG 42 Bunker
Selects Defend the Fatherland
StuG III G Assault Gun
Pak 40 Anti-tank Gun Team
StuG III G Assault Gun
Panzergrenadier Squad
Selects King Tiger Heavy Tank
Selects Interrogate
Harold Hoffmann
Panzer4
TheGhostPower55
Dominik
beniu
Hans Dietrich
0
0
Comments
sign in to comment!
No comments posted yet!